[Event "Titled Tuesday Blitz February 21 Early 2023"]
[White "Simonovic, Miroslav"]
[Black "Mushini Ajay"]
[WhiteFideId "919152"]
[BlackFideId "35066188"]
[WhiteElo "2082"]
[BlackElo "2310"]
[Result "1-0"]
[Round "09"]
[TimeControl "180+2"]
[Date "2023.02.21"]
[WhiteClock "0:00:10"]
[BlackClock "0:00:02"]

1. d4 Nf6 2. Bg5 d5 3. Bxf6 exf6 4. e3 Bd6 5. c4 O-O 6. cxd5 Bb4+ 7. Nc3 Qxd5 8. Ne2 Qd8 9. a3 Bd6 10. g3 c5 11. Bg2 Nc6 12. d5 Ne5 13. O-O h5 14. h4 Ng4 15. Ne4 b6 16. Nxd6 Qxd6 17. Nf4 g6 18. Qc2 Bf5 19. e4 Bd7 20. Rfe1 Rfe8 21. Rad1 b5 22. Nd3 Rac8 23. f4 a5 24. Nf2 c4 25. Nxg4 Bxg4 26. Rd2 c3 27. bxc3 Qxa3 28. Rc1 b4 29. c4 Qxg3 30. Rf2 Rc5 31. Qd2 Qxh4 32. Qd4 Rb8 33. Qxc5 Qg3 34. Qd6 Rc8 35. Qxf6 h4 36. Rcf1 h3 37. f5 gxf5 38. exf5 Rxc4 39. Qg5+ Kf8 40. f6 hxg2 41. Rxg2 Qh3 42. Qe5 Be6 43. Qb8+ Rc8 44. Qg3 Qxg3 45. Rxg3 Bxd5 46. Rd3 Bc4 47. Rh3 Bxf1 48. Rh8# 1-0


[Site "https://www.chess.com"]

[Event "Titled Tuesday Blitz February 21 Early 2023"]
[White "Torres Boch, Jose Francisco"]
[Black "Rose, Felix"]
[WhiteFideId "2278383"]
[BlackFideId "5105722"]
[WhiteElo "2180"]
[BlackElo "2091"]
[Result "1-0"]
[Round "09"]
[TimeControl "180+2"]
[Date "2023.02.21"]
[WhiteClock "0:00:57"]
[BlackClock "0:00:09"]

1. e4 e5 2. Nf3 Nc6 3. Bb5 a6 4. Ba4 Nf6 5. O-O Be7 6. Re1 b5 7. Bb3 d6 8. c3 O-O 9. h3 Nb8 10. d4 Nbd7 11. c4 c6 12. d5 cxd5 13. cxd5 Bb7 14. a4 Nb6 15. a5 Nbd7 16. Nc3 Nc5 17. Bc2 b4 18. Na4 Nxa4 19. Rxa4 Nd7 20. Rxb4 Nc5 21. Rb6 Qc8 22. Be3 Bd8 23. Rxd6 Bxa5 24. Bd2 Bc7 25. Rc6 Bxc6 26. dxc6 Qe6 27. Ba4 Rab8 28. b4 Nd3 29. Re3 Nxb4 30. Ng5 Qd6 31. Qe1 Nxc6 32. Rg3 Nd4 33. Kh2 Kh8 34. Qd1 f6 35. Nxh7 Kxh7 36. Qh5+ Kg8 37. Rxg7+ Kxg7 38. Bh6+ Kh7 39. Bxf8+ Kg8 40. Bxd6 Bxd6 41. Qg6+ Kf8 42. Qxf6+ Kg8 43. Qxd6 1-0


[Site "https://www.chess.com"]

[Event "Titled Tuesday Blitz February 21 Early 2023"]
[White "Kiseljova, Marya"]
[Black "Fajdetic, Hrvoje"]
[WhiteFideId "4155009"]
[BlackFideId "14501945"]
[WhiteElo "2031"]
[BlackElo "2151"]
[Result "0-1"]
[Round "09"]
[TimeControl "180+2"]
[Date "2023.02.21"]
[WhiteClock "0:00:13"]
[BlackClock "0:00:13"]

1. d4 c6 2. c4 d5 3. cxd5 cxd5 4. Nf3 Nc6 5. Bf4 e6 6. e3 Bd6 7. Ne5 Nf6 8. Nc3 a6 9. Be2 Qc7 10. Nxc6 bxc6 11. Bxd6 Qxd6 12. O-O e5 13. Na4 O-O 14. Rc1 Rb8 15. b3 exd4 16. exd4 Re8 17. Bd3 Ng4 18. g3 Qh6 19. h4 g5 20. Be2 Re4 21. Bxg4 Rxg4 22. hxg5 Qxg5 23. Rxc6 Bf5 24. Qc1 Rxg3+ 25. fxg3 Qxg3+ 26. Kh1 Be4+ 0-1


[Site "https://www.chess.com"]

[Event "Titled Tuesday Blitz February 21 Early 2023"]
[White "Buganca, Luiz Henrique Da Silva"]
[Black "Dias, Joao Batista"]
[WhiteFideId "2182289"]
[BlackFideId "2108240"]
[WhiteElo "1920"]
[BlackElo "1796"]
[Result "0-1"]
[Round "09"]
[TimeControl "180+2"]
[Date "2023.02.21"]
[WhiteClock "0:00:41"]
[BlackClock "0:00:47"]

1. e4 e6 2. d4 d5 3. Nc3 dxe4 4. Nxe4 Nd7 5. Bd3 Ngf6 6. Ng3 g6 7. Nf3 Bg7 8. O-O O-O 9. h4 h5 10. Bg5 c6 11. Re1 Qa5 12. Ne5 Nxe5 13. dxe5 Nh7 14. Nxh5 Nxg5 15. hxg5 Bxe5 16. Qg4 Bxb2 17. Rab1 gxh5 18. Qxh5 Rd8 19. Qh7+ Kf8 20. Re3 Bg7 21. Rf3 Qxg5 22. Rb4 Qc1+ 23. Bf1 Rd1 24. Rxf7+ Kxf7 25. Qh5+ Ke7 26. Qh4+ Bf6 27. Qh7+ Kd6 0-1


[Site "https://www.chess.com"]

[Event "Titled Tuesday Blitz February 21 Early 2023"]
[White "Michalski, Olaf"]
[Black "Zochowski, Kacper"]
[WhiteFideId "1106740"]
[BlackFideId "1125494"]
[WhiteElo "2273"]
[BlackElo "2262"]
[Result "0-1"]
[Round "09"]
[TimeControl "180+2"]
[Date "2023.02.21"]
[WhiteClock "0:00:03"]
[BlackClock "0:02:10"]

1. d4 d6 2. Nf3 Nd7 3. Bf4 g6 4. e3 Bg7 5. c4 e5 6. Bg3 Nh6 7. Bh4 f6 8. e4 O-O 9. Be2 Qe8 10. dxe5 Nxe5 11. O-O Nhg4 12. Nc3 Nxf3+ 13. Bxf3 Ne5 14. Be2 f5 15. Nd5 Qf7 16. f4 Nc6 17. Bf3 Kh8 18. Kh1 fxe4 19. Bxe4 Bxb2 20. Rb1 Bg7 21. Qd3 Rb8 22. g3 Be6 23. Bg2 Bf5 24. Be4 Bxe4+ 25. Qxe4 Rfe8 26. Qd3 Nd4 27. Rfe1 c5 28. Rxe8+ Rxe8 29. Ne3 b6 30. Nd5 Qe6 0-1


[Site "https://www.chess.com"]

[Event "Titled Tuesday Blitz February 21 Early 2023"]
[White "Andreev, Konstantin"]
[Black "Decoster, Frederic"]
[WhiteFideId "24239305"]
[BlackFideId "204269"]
[WhiteElo "2195"]
[BlackElo "2301"]
[Result "0-1"]
[Round "09"]
[TimeControl "180+2"]
[Date "2023.02.21"]
[WhiteClock "0:01:13"]
[BlackClock "0:00:18"]

1. e4 c5 2. Nf3 d6 3. d4 cxd4 4. Nxd4 Nf6 5. Nc3 g6 6. Be3 Bg7 7. f3 Nc6 8. Bc4 O-O 9. Bb3 Bd7 10. Qd2 Rc8 11. O-O-O Ne5 12. h4 h5 13. Kb1 Nc4 14. Bxc4 Rxc4 15. g4 hxg4 16. h5 Nxh5 17. Rdg1 e6 18. fxg4 Nf6 19. Bh6 Bh8 20. Bxf8 Qxf8 21. Nf3 Nxe4 22. Nxe4 Rxe4 23. Ng5 Re5 24. Rxh8+ Kxh8 25. Qh2+ Kg7 26. Qh7+ Kf6 27. Rf1+ Kxg5 28. a3 Be8 29. Qh2 f5 30. Qf4+ Kf6 31. g5+ Ke7 32. Rh1 Qg7 33. Qb4 Bc6 34. Rd1 Rd5 35. Rxd5 Bxd5 36. Qa5 Kd7 37. Qxa7 Qe7 38. c4 Be4+ 39. Ka2 Qxg5 40. Qb8 Qc1 41. a4 Qxc4+ 42. b3 Qc2+ 43. Ka3 Bd5 44. Kb4 Qxb3+ 45. Ka5 Qc3+ 46. Kb5 Qc4+ 47. Ka5 Qc5# 0-1


[Site "https://www.chess.com"]

[Event "Titled Tuesday Blitz February 21 Early 2023"]
[White "Thomas, Anysia"]
[Black "Kielinkei"]
[WhiteFideId "670472"]
[WhiteElo "2147"]
[BlackElo "2378"]
[Result "0-1"]
[Round "09"]
[TimeControl "180+2"]
[Date "2023.02.21"]
[WhiteClock "0:00:02"]
[BlackClock "0:00:32"]

1. d4 f5 2. g3 Nf6 3. Bg2 g6 4. Nf3 Bg7 5. O-O O-O 6. b3 d6 7. Bb2 c6 8. c4 a5 9. Nbd2 Na6 10. a3 Nc7 11. Re1 Ne4 12. Nxe4 fxe4 13. Nd2 d5 14. f3 exf3 15. Nxf3 Bf5 16. Qd2 Be4 17. Rad1 a4 18. cxd5 cxd5 19. b4 Nb5 20. Bh3 Qd6 21. Ng5 Bf5 22. Bg2 e6 23. e4 Bg4 24. e5 Qd7 25. Rf1 h6 26. Nf3 Rac8 27. Qd3 Bf5 28. Qe2 Rc2 29. Rd2 Rfc8 30. Rfd1 Be4 31. Nh4 Rxd2 32. Rxd2 Bxg2 33. Qxg2 g5 34. Nf3 Rf8 35. Rf2 Qc8 36. h3 Qc4 37. Rc2 Qd3 38. Nh2 Qd1+ 39. Nf1 Rxf1+ 40. Qxf1 Qxc2 41. Qxb5 Qxb2 42. Qe8+ Kh7 43. Qxe6 Qxd4+ 44. Kg2 Qe4+ 45. Kf1 Qf3+ 46. Ke1 Qxg3+ 47. Kd1 Qd3+ 48. Kc1 Qxa3+ 49. Kd1 Qb3+ 50. Kd2 Qxb4+ 51. Kd3 Qc4+ 52. Ke3 Qe4+ 53. Kd2 Qxe5 54. Qc8 Qc3+ 55. Ke2 Qxc8 0-1


[Site "https://www.chess.com"]

[Event "Titled Tuesday Blitz February 21 Early 2023"]
[White "Sarkar, Justin"]
[Black "Osuna Vega, Enrique"]
[WhiteFideId "2010011"]
[BlackFideId "2219549"]
[WhiteElo "2309"]
[BlackElo "2061"]
[Result "0-1"]
[Round "09"]
[TimeControl "180+2"]
[Date "2023.02.21"]
[WhiteClock "0:00:01"]
[BlackClock "0:00:39"]

1. e4 d6 2. d4 Nf6 3. Nc3 e5 4. Nf3 Nbd7 5. Bc4 Be7 6. O-O O-O 7. Qe2 exd4 8. Nxd4 Ne5 9. Bb3 c5 10. Nf5 Bxf5 11. exf5 Qd7 12. Nd5 Bd8 13. Nxf6+ Bxf6 14. Bd5 Rae8 15. f4 Nc6 16. Qg4 Nd4 17. c3 Qxf5 18. Qxf5 Nxf5 19. Bxb7 Ne3 20. Bxe3 Rxe3 21. Rae1 Rfe8 22. Kf2 Rxe1 23. Rxe1 Rb8 24. Bc6 Rxb2+ 25. Re2 Rxe2+ 26. Kxe2 Bxc3 27. Kd3 Bd4 28. f5 Kf8 29. g4 Ke7 30. Kc4 Kf6 31. h3 Kg5 32. Bd5 f6 33. Kd3 Kh4 34. Bg2 Kg3 35. Bf1 Kf2 36. Be2 d5 0-1


[Site "https://www.chess.com"]

[Event "Titled Tuesday Blitz February 21 Early 2023"]
[White "babbilator"]
[Black "Shubin, Daniel"]
[BlackFideId "30936470"]
[WhiteElo "2129"]
[BlackElo "2231"]
[Result "1-0"]
[Round "09"]
[TimeControl "180+2"]
[Date "2023.02.21"]
[WhiteClock "0:01:58"]
[BlackClock "0:01:49"]

1. e4 e6 2. Nc3 d5 3. d4 Bb4 4. exd5 exd5 5. Bd3 Nc6 6. a3 Bxc3+ 7. bxc3 Nge7 8. Qh5 Be6 9. Rb1 Na5 10. Nf3 Qd7 11. Ne5 Qa4 12. Rb4 g6 13. Qg5 1-0


[Site "https://www.chess.com"]

[Event "Titled Tuesday Blitz February 21 Early 2023"]
[White "Tsyhanchuk, Stanislav"]
[Black "Jaivardhan Raj"]
[WhiteFideId "13505130"]
[BlackFideId "25744437"]
[WhiteElo "2273"]
[BlackElo "1901"]
[Result "1-0"]
[Round "09"]
[TimeControl "180+2"]
[Date "2023.02.21"]
[WhiteClock "0:00:44"]
[BlackClock "0:00:04"]

1. c4 e5 2. Nc3 c5 3. g3 Nc6 4. Bg2 d6 5. e3 Nge7 6. Nge2 g6 7. O-O Bg7 8. a3 O-O 9. h3 Be6 10. Nd5 Kh8 11. Kh2 Rb8 12. Nec3 a6 13. b4 cxb4 14. axb4 Bxd5 15. cxd5 Nxb4 16. Qb3 Nd3 17. Ba3 Nc5 18. Bxc5 dxc5 19. Na4 e4 20. Bxe4 Bxa1 21. Rxa1 b6 22. Nc3 f5 23. Bg2 a5 24. Nb5 Rc8 25. d6 Nc6 26. Qc3+ Qf6 27. Qxf6+ Rxf6 28. d4 cxd4 29. Rc1 d3 30. d7 Rd8 31. Rxc6 d2 32. Nc3 Rxc6 33. Bxc6 Kg7 34. Kg2 Kf7 35. Kf1 Ke7 36. Ke2 Kd6 37. Ba4 Kc5 38. Kxd2 Rb8 39. f3 Kb4 40. e4 fxe4 41. fxe4 Kc5 42. e5 Rd8 43. Kd3 g5 44. g4 h6 45. Bb5 Kb4 46. e6 Kc5 47. e7 Kd6 48. exd8=Q 1-0


[Site "https://www.chess.com"]

[Event "Titled Tuesday Blitz February 21 Early 2023"]
[White "Kornyukov, Alexey"]
[Black "Castillo Pena, Patricia Evarista"]
[WhiteFideId "4150457"]
[BlackFideId "6412106"]
[WhiteElo "2452"]
[BlackElo "1783"]
[Result "1-0"]
[Round "09"]
[TimeControl "180+2"]
[Date "2023.02.21"]
[WhiteClock "0:00:12"]
[BlackClock "0:00:03"]

1. e4 c5 2. Nf3 d6 3. c3 Nf6 4. Be2 Nc6 5. d4 cxd4 6. cxd4 e6 7. O-O Be7 8. Nc3 O-O 9. Be3 b6 10. h3 Bb7 11. Rc1 Rc8 12. a3 a6 13. d5 exd5 14. exd5 Na5 15. Na4 Nxd5 16. b4 Nxe3 17. fxe3 Nc6 18. Nd4 Nxd4 19. Qxd4 b5 20. Nb6 Rxc1 21. Rxc1 Bf6 22. Qf4 Qxb6 23. Bd3 Re8 24. Re1 Qc6 25. e4 Bd4+ 26. Kh1 Qc3 27. Rf1 Rf8 28. Be2 Be5 29. Qh4 Qxa3 30. Bg4 Qxb4 31. Qe7 Qxe4 32. Bf3 Qd3 33. Rd1 Bxf3 34. Rxd3 Be4 35. Re3 Bd5 36. Rxe5 dxe5 37. Qxe5 Be6 38. Qd6 b4 39. Qxb4 g6 40. Qa5 Re8 41. Qxa6 Kg7 42. g4 Bd5+ 43. Kh2 Re3 44. Qa1+ f6 45. Qd4 Re2+ 46. Kg1 Bf3 47. Qd3 Rg2+ 48. Kf1 Bc6 49. Qd6 Bb5+ 50. Kxg2 1-0


[Site "https://www.chess.com"]

[Event "Titled Tuesday Blitz February 21 Early 2023"]
[White "Tsotsonava, Elene"]
[Black "tandercat"]
[WhiteFideId "13615939"]
[WhiteElo "2053"]
[BlackElo "1859"]
[Result "0-1"]
[Round "09"]
[TimeControl "180+2"]
[Date "2023.02.21"]
[WhiteClock "0:02:46"]
[BlackClock "0:02:23"]

1. e4 c5 2. Nf3 Nc6 3. d4 cxd4 4. Nxd4 e5 5. Nb5 d6 6. N1c3 a6 7. Na3 Be7 8. Nd5 Nf6 9. c4 Nxe4 10. Be3 Qa5+ 0-1


[Site "https://www.chess.com"]

[Event "Titled Tuesday Blitz February 21 Early 2023"]
[White "SulfatoFerroso"]
[Black "Ardila, Oscar Humberto"]
[BlackFideId "4404742"]
[WhiteElo "1776"]
[BlackElo "1982"]
[Result "1-0"]
[Round "09"]
[TimeControl "180+2"]
[Date "2023.02.21"]
[WhiteClock "0:00:05"]
[BlackClock "0:00:51"]

1. e4 e5 2. Nf3 Nf6 3. Nxe5 d6 4. Nf3 Nxe4 5. d4 Be7 6. Bd3 Nf6 7. c4 Bg4 8. h3 Bh5 9. Nbd2 O-O 10. Qb3 Qc8 11. O-O Nc6 12. d5 Ne5 13. Nxe5 dxe5 14. Re1 Bd6 15. Qc2 b6 16. b3 Re8 17. Bb2 Qd7 18. Bf5 Qe7 19. f4 Bg6 20. fxe5 Bc5+ 21. Kh1 Nh5 22. Bxg6 hxg6 23. Qd3 Qh4 24. Nf3 Qg3 25. e6 f5 26. Be5 Bd6 27. Bxg3 Nxg3+ 28. Kg1 Bc5+ 29. Kh2 Bd6 30. Ne5 Nh5 31. g4 fxg4 32. hxg4 Nf6 33. Kh3 Nh7 34. Nxg6 Ng5+ 35. Kh4 Nh7 36. Rf1 c6 37. Rf7 cxd5 38. cxd5 Rac8 39. Qd4 Nf6 40. Rxf6 gxf6 41. Qxf6 Rc7 42. Qh8# 1-0


[Site "https://www.chess.com"]

[Event "Titled Tuesday Blitz February 21 Early 2023"]
[White "Orzech, Dominik"]
[Black "Better_Chess_Faster"]
[WhiteFideId "1115065"]
[WhiteElo "2308"]
[BlackElo "1968"]
[Result "1/2-1/2"]
[Round "09"]
[TimeControl "180+2"]
[Date "2023.02.21"]
[WhiteClock "0:01:54"]
[BlackClock "0:02:04"]

1. e4 Nf6 2. Nc3 e5 3. Nf3 Nc6 4. Bc4 Nxe4 5. Bxf7+ Kxf7 6. Nxe4 d5 7. Nc3 d4 8. Ne4 Bf5 9. d3 h6 10. O-O Bd6 11. Bd2 Rf8 12. c3 Kg8 13. Qb3+ Kh7 14. Qxb7 Qd7 15. Qb3 Rab8 16. Qc2 Bxe4 17. dxe4 Rxf3 18. gxf3 Qh3 19. Kh1 Qxf3+ 20. Kg1 Qg4+ 21. Kh1 Qf3+ 22. Kg1 Qg4+ 23. Kh1 Qf3+ 1/2-1/2


[Site "https://www.chess.com"]

[Event "Titled Tuesday Blitz February 21 Early 2023"]
[White "Sabar, Ethmane Daouda"]
[Black "Burdalev, Kirill"]
[WhiteFideId "19600097"]
[BlackFideId "14121913"]
[WhiteElo "2040"]
[BlackElo "2368"]
[Result "0-1"]
[Round "09"]
[TimeControl "180+2"]
[Date "2023.02.21"]
[WhiteClock "0:00:39"]
[BlackClock "0:00:13"]

1. b3 d6 2. Bb2 Nf6 3. e3 g6 4. Bxf6 exf6 5. c4 d5 6. cxd5 Qxd5 7. Nc3 Qa5 8. Nge2 c5 9. g3 Bg7 10. Bg2 O-O 11. O-O f5 12. Qc2 Rd8 13. Rfd1 Nc6 14. a3 Be6 15. b4 cxb4 16. axb4 Qxb4 17. Rab1 Qe7 18. d4 Rac8 19. Qa4 Bd7 20. Nd5 Qe8 21. Rxb7 Nxd4 22. Qa6 Nxe2+ 23. Qxe2 Rb8 24. Rxa7 Bc6 25. Nc7 Rxd1+ 26. Qxd1 Qd7 27. Qxd7 Bxd7 28. Bd5 Be5 29. f4 Bxc7 30. Rxc7 Be6 31. Bxe6 fxe6 32. Re7 Rb6 33. Kf2 h5 34. h3 Kf8 35. Rh7 Rb2+ 36. Kf3 Rh2 37. h4 Ra2 38. Ra7 Rxa7 0-1


[Site "https://www.chess.com"]

[Event "Titled Tuesday Blitz February 21 Early 2023"]
[White "Clawitter, Craig"]
[Black "Tarnowska, Aleksandra"]
[WhiteFideId "2023105"]
[BlackFideId "1180967"]
[WhiteElo "2050"]
[BlackElo "1835"]
[Result "0-1"]
[Round "09"]
[TimeControl "180+2"]
[Date "2023.02.21"]
[WhiteClock "0:00:12"]
[BlackClock "0:00:13"]

1. e4 c5 2. Nf3 e6 3. d4 cxd4 4. Nxd4 a6 5. Bd3 Bc5 6. Nb3 Be7 7. Nc3 b5 8. Bd2 Bb7 9. Qe2 b4 10. Na4 d5 11. O-O-O Nf6 12. Nac5 Bc6 13. e5 Nfd7 14. Bxb4 Nxc5 15. Bxc5 Bxc5 16. Nxc5 Qa5 17. Nxe6 fxe6 18. Qh5+ Ke7 19. Qg5+ Kd7 20. Qxg7+ Kc8 21. Qxh8+ Kb7 22. Qxh7+ Nd7 23. Kb1 Kb6 24. f4 Rb8 25. Qh3 Nc5 26. Qe3 Kc7 27. c4 Na4 28. b3 Nc3+ 29. Kc2 Qxa2+ 30. Kxc3 Rxb3+ 31. Kd4 Qb2+ 32. Kc5 Rb5+ 33. cxb5 Qc3+ 34. Bc4 Qxc4# 0-1


[Site "https://www.chess.com"]

[Event "Titled Tuesday Blitz February 21 Early 2023"]
[White "Broca Jimenez, Fernando"]
[Black "Ghosh, Chanchal Kumer"]
[WhiteFideId "5104742"]
[BlackFideId "10201858"]
[WhiteElo "2075"]
[BlackElo "2020"]
[Result "1-0"]
[Round "09"]
[TimeControl "180+2"]
[Date "2023.02.21"]
[WhiteClock "0:00:05"]
[BlackClock "0:00:01"]

1. e4 c5 2. c3 d6 3. d4 cxd4 4. cxd4 Nf6 5. Nc3 a6 6. Nf3 e6 7. Bd3 Qc7 8. O-O Be7 9. Bg5 Nbd7 10. Rc1 Qb8 11. Qd2 h6 12. Bh4 b5 13. h3 Bb7 14. Rfe1 Qd8 15. Bb1 O-O 16. Qd3 e5 17. dxe5 dxe5 18. Rcd1 Re8 19. Bxf6 Nxf6 20. Nxe5 Bb4 21. Qxd8 Raxd8 22. Rxd8 Rxd8 23. f3 Bxc3 24. bxc3 Rd2 25. Kf1 Nh5 26. Nd3 a5 27. Kg1 Ba6 28. Nc5 Bc8 29. Bd3 b4 30. cxb4 axb4 31. Bc4 Nf4 32. Bb3 Rxg2+ 33. Kh1 Rd2 34. Rd1 Rxd1+ 35. Bxd1 Nxh3 36. Nd3 Ba6 37. Nxb4 Nf2+ 38. Kh2 Nxd1 39. Nxa6 Nc3 40. Nb4 Kf8 41. Kg2 Ke7 42. Kf2 Kd6 43. Ke3 Kc5 44. Nd3+ Kc4 45. Ne5+ Kb4 46. Nxf7 Nxa2 47. Nd6 Nc3 48. Nf5 Nd1+ 49. Kf4 Kc5 50. Nxg7 Kd6 51. Nf5+ Ke6 52. Nxh6 Kf6 53. Ng4+ Kg7 54. e5 Nc3 55. Kf5 Nd5 56. f4 Ne7+ 57. Ke6 Ng6 58. f5 Nf4+ 59. Kd6 Kf7 60. f6 Kg6 61. Ke7 Nd5+ 62. Ke6 Nf4+ 63. Kd7 Kf7 64. Nh6+ Kg6 65. f7 Kg7 66. e6 1-0


[Site "https://www.chess.com"]

[Event "Titled Tuesday Blitz February 21 Early 2023"]
[White "Seifert, Henryk"]
[Black "Winkels, Marcel"]
[WhiteFideId "1100963"]
[BlackFideId "1003887"]
[WhiteElo "2106"]
[BlackElo "1960"]
[Result "0-1"]
[Round "09"]
[TimeControl "180+2"]
[Date "2023.02.21"]
[WhiteClock "0:00:02"]
[BlackClock "0:00:38"]

1. e4 c5 2. Nf3 e6 3. c3 Nf6 4. e5 Nd5 5. d4 cxd4 6. cxd4 b6 7. Bd3 Bb7 8. Nc3 Nxc3 9. bxc3 Qc7 10. O-O d6 11. Bf4 Nd7 12. Rc1 Be7 13. Re1 h6 14. a4 O-O 15. Bb1 Bxf3 16. Qxf3 dxe5 17. dxe5 Nc5 18. Qg3 Kh8 19. Qh3 f5 20. Bxh6 gxh6 21. Qxh6+ Kg8 22. Qg6+ Kh8 23. Re3 Bh4 24. Rh3 Qh7 25. Qxh7+ Kxh7 26. Rxh4+ Kg6 27. Rh3 Rad8 28. g4 Rd5 29. gxf5+ exf5 30. Rg3+ Kh6 31. f4 Rfd8 32. Bxf5 Rd1+ 33. Rxd1 Rxd1+ 34. Kg2 Rd2+ 35. Kh3 Nxa4 36. Rg6+ Kh5 0-1


[Site "https://www.chess.com"]

[Event "Titled Tuesday Blitz February 21 Early 2023"]
[White "Bongo Akanga Ndjila, Barthelemy"]
[Black "Jesusesmifuerza"]
[WhiteFideId "10609431"]
[WhiteElo "1824"]
[BlackElo "2002"]
[Result "0-1"]
[Round "09"]
[TimeControl "180+2"]
[Date "2023.02.21"]
[WhiteClock "0:00:01"]
[BlackClock "0:02:22"]

1. d4 d5 2. c4 e6 3. Nc3 a6 4. cxd5 exd5 5. Nf3 Nf6 6. Bg5 Be6 7. Qc2 Nbd7 8. e3 h6 9. Bh4 g5 10. Bg3 Nh5 11. Bd3 c6 12. Ne5 Nxg3 13. hxg3 Nxe5 14. dxe5 g4 15. O-O-O Qc7 16. f4 gxf3 17. gxf3 Qxe5 18. Ne2 Qxe3+ 19. Kb1 O-O-O 20. Nf4 Qc5 21. Nxe6 Qxc2+ 22. Bxc2 fxe6 23. Rhe1 Re8 24. f4 Kd7 25. Bb3 Bg7 26. Re2 Re7 27. Rde1 Rf8 28. Re3 h5 29. Bc2 h4 30. gxh4 Rxf4 31. h5 Bh6 32. Rh3 Rg7 33. Bg6 Kd6 0-1


[Site "https://www.chess.com"]

[Event "Titled Tuesday Blitz February 21 Early 2023"]
[White "Larina, Maria"]
[Black "Desideri, Ricardo Maruchi"]
[WhiteFideId "24113182"]
[BlackFideId "2110440"]
[WhiteElo "1948"]
[BlackElo "1959"]
[Result "1-0"]
[Round "09"]
[TimeControl "180+2"]
[Date "2023.02.21"]
[WhiteClock "0:00:02"]
[BlackClock "0:00:01"]

1. e4 c5 2. Nc3 d6 3. d4 cxd4 4. Qxd4 a6 5. b3 Nc6 6. Qd2 g6 7. Bb2 Bg7 8. O-O-O e6 9. f3 Bh6 10. f4 Nge7 11. Nd5 Nxd5 12. exd5 e5 13. Re1 Bxf4 14. Qxf4 O-O 15. Qh6 Ne7 16. h4 Bf5 17. Nf3 Nxd5 18. h5 Rc8 19. Bc4 Nb4 20. Ng5 gxh5 21. Rxh5 Bg6 22. Reh1 Qf6 23. Qxh7+ Bxh7 24. Nxh7 1-0


[Site "https://www.chess.com"]

[Event "Titled Tuesday Blitz February 21 Early 2023"]
[White "Slaby, Jerzy"]
[Black "Suduvasachmatai"]
[WhiteFideId "1121405"]
[WhiteElo "2469"]
[BlackElo "2100"]
[Result "0-1"]
[Round "09"]
[TimeControl "180+2"]
[Date "2023.02.21"]
[WhiteClock "0:00:36"]
[BlackClock "0:02:19"]

1. e4 c5 2. c3 d5 3. exd5 Qxd5 4. d4 Nc6 5. Nf3 Bg4 6. Be3 cxd4 7. cxd4 e6 8. Nc3 Bb4 9. Be2 Nf6 10. O-O Bxc3 11. bxc3 O-O 12. Rb1 Ne4 13. Qd3 Bf5 14. Rb5 Qxa2 15. d5 exd5 16. Rxd5 Bg6 17. Rd7 Ng3 18. Qb1 Nxe2+ 19. Kh1 Bxb1 0-1


[Site "https://www.chess.com"]

[Event "Titled Tuesday Blitz February 21 Early 2023"]
[White "Caruana, Fabiano"]
[Black "Nakamura, Hikaru"]
[WhiteFideId "2020009"]
[BlackFideId "2016192"]
[WhiteElo "2764"]
[BlackElo "2775"]
[Result "1-0"]
[Round "10"]
[TimeControl "180+2"]
[Date "2023.02.21"]
[WhiteClock "0:00:09"]
[BlackClock "0:00:11"]

1. e4 e5 2. Nf3 Nc6 3. Bb5 Nf6 4. d3 Bc5 5. Bxc6 dxc6 6. Nbd2 Be6 7. Qe2 Qd6 8. Ng5 Nd7 9. O-O Nf8 10. Nb3 Bxb3 11. axb3 f6 12. Nf3 Ne6 13. Kh1 O-O 14. Bd2 Qe7 15. g3 Nd4 16. Nxd4 Bxd4 17. Ra2 Rae8 18. Kg2 f5 19. exf5 Rxf5 20. Be3 Qf7 21. Ra5 Bxe3 22. Qxe3 a6 23. Qe4 h6 24. f3 Rf6 25. Re1 Rfe6 26. Raa1 R6e7 27. Re3 Qd5 28. Rae1 Kf7 29. Qh7 Kf8 30. Re4 c5 31. Rf1 Qg8 32. Qg6 Qf7 33. Qg4 Kg8 34. Rfe1 a5 35. h4 b6 36. R4e3 Kf8 37. Qe4 Kg8 38. Qc6 Re6 39. Qd5 R6e7 40. Qe4 Kf8 41. Qh7 Qg8 42. Qxg8+ Kxg8 43. f4 Kf7 44. fxe5 Ke6 45. Re4 Rf7 46. Rg4 Ref8 47. Re2 Kf5 48. Kh3 g5 49. e6 Rf6 50. e7 Re8 51. Rge4 Kg6 52. hxg5 Kxg5 53. Re5+ Rf5 54. Re6 h5 55. Rc6 Rf7 56. Rxc7 Rf6 57. Rd7 Kg6 58. Rd8 Kf7 59. Rxe8 Kxe8 60. Kh4 Rf5 61. c3 Rd5 62. Re3 b5 63. c4 bxc4 64. bxc4 Rf5 65. b3 Rf6 66. Kxh5 Rb6 67. Re5 Rxb3 68. Rxc5 Rxd3 69. g4 a4 70. Ra5 a3 71. Ra7 Rc3 72. g5 Rxc4 73. Rxa3 Kxe7 74. Rf3 Rc8 75. Kh6 Rh8+ 76. Kg7 Rh1 77. g6 Re1 78. Kg8 Rf1 1-0


[Site "https://www.chess.com"]

[Event "Titled Tuesday Blitz February 21 Early 2023"]
[White "Lazavik, Denis"]
[Black "Daneshvar, Bardiya"]
[WhiteFideId "13515110"]
[BlackFideId "12576468"]
[WhiteElo "2544"]
[BlackElo "2540"]
[Result "1/2-1/2"]
[Round "10"]
[TimeControl "180+2"]
[Date "2023.02.21"]
[WhiteClock "0:00:26"]
[BlackClock "0:00:54"]

1. d4 e6 2. c4 b6 3. e4 Bb4+ 4. Bd2 Bxd2+ 5. Nxd2 c5 6. d5 exd5 7. cxd5 d6 8. Bd3 Nf6 9. Ngf3 O-O 10. h3 Re8 11. O-O Ba6 12. Bxa6 Nxa6 13. Re1 Nc7 14. Qc2 Nd7 15. Nc4 Qf6 16. Qc3 Qh6 17. a4 Na6 18. e5 dxe5 19. Nfxe5 Nxe5 20. Rxe5 Qf6 21. Rae1 Rxe5 22. Rxe5 Nb4 23. Qe3 Rf8 24. d6 Nc6 25. Re8 Qf5 26. Kh2 h6 27. b3 h5 28. h4 Qg4 29. g3 Qf5 30. Kg1 Qb1+ 31. Kh2 Qf5 32. Kg1 Qb1+ 33. Kh2 Qf5 1/2-1/2


[Site "https://www.chess.com"]

[Event "Titled Tuesday Blitz February 21 Early 2023"]
[White "Sarana, Alexey"]
[Black "Hakobyan, Aram"]
[WhiteFideId "24133795"]
[BlackFideId "13306677"]
[WhiteElo "2685"]
[BlackElo "2608"]
[Result "1/2-1/2"]
[Round "10"]
[TimeControl "180+2"]
[Date "2023.02.21"]
[WhiteClock "0:00:08"]
[BlackClock "0:00:11"]

1. d4 g6 2. e4 Bg7 3. Nc3 c5 4. d5 a6 5. a4 d6 6. f4 Nf6 7. Nf3 O-O 8. Bd3 e6 9. O-O exd5 10. exd5 Bg4 11. h3 Bxf3 12. Qxf3 Nbd7 13. Ne2 Re8 14. c4 Qa5 15. Rd1 Re7 16. Bd2 Qb6 17. a5 Qc7 18. Re1 Rae8 19. Ng3 Rxe1+ 20. Bxe1 h5 21. Bc3 h4 22. Ne2 Nh5 23. f5 Ne5 24. Bxe5 Bxe5 25. fxg6 Nf6 26. Rf1 fxg6 27. Bxg6 Rf8 28. Qe3 Qg7 29. Bf5 Kh8 30. Kh1 Nh5 31. Rf3 Bxb2 32. Bg4 Ng3+ 33. Nxg3 hxg3 34. Qe1 Rxf3 35. Bxf3 Be5 36. Qb1 Qh6 37. Qe1 Qf4 38. Qf1 Qe3 39. Qb1 Bd4 40. Bg4 Qf2 41. Bc8 Bc3 42. Qg1 Bxa5 43. Bxb7 Bc3 44. Bxa6 Bd4 45. Qd1 Qf5 46. Bb5 Qg5 47. Ba4 Bb2 48. Bc2 Kg7 49. Qf1 Qc1 50. Bd3 Qxf1+ 51. Bxf1 Bd4 52. Be2 Bf2 53. Bg4 Kh6 54. Be2 Kg5 55. Bd1 Kh4 56. Ba4 Kg5 57. Bb5 Kh4 58. Ba6 Kg5 59. Bb5 Kh4 60. Ba6 Kg5 61. Bb5 1/2-1/2


[Site "https://www.chess.com"]

[Event "Titled Tuesday Blitz February 21 Early 2023"]
[White "Deac, Bogdan-Daniel"]
[Black "Le, Tuan Minh"]
[WhiteFideId "1226380"]
[BlackFideId "12401153"]
[WhiteElo "2700"]
[BlackElo "2542"]
[Result "0-1"]
[Round "10"]
[TimeControl "180+2"]
[Date "2023.02.21"]
[WhiteClock "0:00:07"]
[BlackClock "0:00:29"]

1. d4 d5 2. Nf3 Nf6 3. e3 c6 4. Bd3 Bg4 5. Nbd2 Nbd7 6. h3 Bh5 7. c4 e6 8. Qc2 Be7 9. b3 a5 10. a3 O-O 11. Bb2 Re8 12. Ne5 Bd6 13. O-O Bg6 14. Nxg6 hxg6 15. Rfd1 Qe7 16. Bf1 e5 17. cxd5 cxd5 18. Qd3 e4 19. Qb5 g5 20. g3 Qe6 21. Rac1 Rab8 22. Qxa5 g6 23. Bc3 Kg7 24. Bb4 Bxb4 25. axb4 Rh8 26. g4 Rh4 27. Qc7 Rbh8 28. Bg2 Rxh3 29. Qxb7 Qxg4 0-1


[Site "https://www.chess.com"]